 Dungeon Crawl Stone Soup version 0.20-a0-731-gecde0bf (webtiles) character file.

162 slumpy the Skirmisher (level 5, -1/43 HPs)
             Began as a Formicid Fighter on Feb 22, 2017.
             Slain by a gnoll (5 damage)
             ... on level 5 of the Dungeon.
             The game lasted 00:08:38 (2255 turns).

slumpy the Skirmisher (Formicid Fighter)            Turns: 2255, Time: 00:08:40

Health: -1/43      AC: 11    Str: 21      XL:     5   Next: 71%
Magic:  5/5        EV:  4    Int:  7      God:
Gold:   132        SH:  9    Dex:  8 (11) Spells: 4/4 levels left

rFire    . . .     SeeInvis +   a - +0 war axe
rCold    + . .     Gourm    .   u - +0 plate armour
rNeg     . . .     Faith    .   c - +0 shield
rPois    .         Spirit   .   (helmet unavailable)
rElec    .         Reflect  .   (no cloak)
rCorr    .         Harm     .   (no gloves)
MR       .....                  (no boots)
Stlth    ..........             (no amulet)
Regen    0.2/turn               (no ring)
MPRegen  0.1/turn               j - ring of protection from cold

@: no status effects
A: permanent stasis, dig shafts and tunnels, four strong arms, antennae 3
a: Dig, Shaft Self


You were on level 5 of the Dungeon.
You were hungry.

You visited 1 branch of the dungeon, and saw 4 of its levels.

You collected 132 gold pieces.

Inventory:

Hand Weapons
 a - a +0 war axe (weapon)
 b - a +2 dagger of electrocution
Armour
 c - a +0 shield (worn)
 k - a +0 chain mail
 s - a +0 scale mail
 u - a +0 plate armour (worn)
Jewellery
 j - a ring of protection from cold (left hand)
Wands
 t - a wand of confusion (17/48)
Scrolls
 e - a scroll of remove curse {unknown}
 g - 2 scrolls of teleportation {unknown}
 i - a scroll of blinking {unknown}
 l - a scroll of enchant armour {unknown}
 o - a scroll of fog {unknown}
Potions
 m - a potion of haste {unknown}
 n - 3 potions of heal wounds {unknown}
 p - 2 potions of agility {unknown}
 r - a potion of magic {unknown}
Comestibles
 f - 3 bread rations
 h - a meat ration
 q - a royal jelly


   Skills:
 * Level 4.3 Fighting
 + Level 3.4 Axes
 + Level 3.8 Armour
 + Level 0.5 Dodging
 + Level 2.0 Stealth
 + Level 4.2 Shields


You had 4 spell levels left.
You didn't know any spells.

Dungeon Overview and Level Annotations

Branches:
Dungeon (5/15)
 Temple: D:4-7

Altars:
Qazlal
Uskayaw

Shops:
D:5 [

Annotations:
D:5 Eustachio


Innate Abilities, Weirdness & Mutations

You cannot be hasted, slowed, berserked, paralysed or teleported.
You can dig through walls and to a lower floor.
Your four strong arms can wield two-handed weapons with a shield.
You have a pair of large antennae on your head. (SInv)


Message History

The quasit bites you.
You feel clumsy.
The quasit claws you but does no damage.
You block the quasit's attack. The quasit bites you.
You feel clumsy.
The quasit claws you but does no damage. x2
You block the gnoll's attack. The shadow imp barely misses you.
You completely miss the gnoll.
The gnoll is lightly wounded.
You closely miss the shadow imp. You miss the quasit. The quasit bites you.
* * * LOW HITPOINT WARNING * * *
The quasit claws you but does no damage.
You block the quasit's attack. The gnoll hits you but does no damage.
The shadow imp gestures at you. Pain shoots through your body!
* * * LOW HITPOINT WARNING * * *
The quasit bites you but does no damage.
The quasit claws you but does no damage.
The quasit barely misses you. The gnoll hits you.
You die...

#### ###### # #.....
#....# # #..... #....# #
#..... #....# #
##.....#########....####
................##+#..>.
................# #....
......5.........# +....
......g@........# #....
##....5.#####+### #####
#......# #...@..#
#......# ....##### ....
...


You could see Eustachio (confused), a quasit, a gnoll and a shadow imp.

Vanquished Creatures
  A water moccasin skeleton (D:3)
  5 gnolls
  An ooze (D:2)
  An adder skeleton (D:5)
  3 dart slugs
  3 leopard geckos
  5 orcs (D:3)
  4 bats
  A giant cockroach (D:3)
  4 goblins
  5 hobgoblins
  A quokka (D:3)
  4 ball pythons
  2 frilled lizards
  A jackal zombie (D:5)
  11 kobolds
  7 rats
59 creatures vanquished.

Notes
Turn   | Place    | Note
-------+----------+-------------------------------------------
     0 | D:1      | slumpy the Formicid Fighter began the quest for the Orb.
     0 | D:1      | Reached XP level 1. HP: 18/18 MP: 1/1
   135 | D:1      | Reached XP level 2. HP: 19/24 MP: 2/2
   629 | D:2      | Reached XP level 3. HP: 29/29 MP: 3/3
   797 | D:2      | Found a stormy altar of Qazlal.
   856 | D:2      | Found a hide-covered altar of Uskayaw.
  1061 | D:2      | You fall through a shaft!
  1092 | D:3      | Reached XP level 4. HP: 24/37 MP: 4/4
  1094 | D:3      | Reached skill level 1 in Stealth
  1200 | D:3      | Reached XP level 5. HP: 35/42 MP: 5/5
  1898 | D:3      | You fall through a shaft for 2 floors!
  1898 | D:5      | Entered Level 5 of the Dungeon
  1909 | D:5      | Found Komm's Armour Shop.
  2230 | D:5      | Noticed Eustachio
  2255 | D:5      | Slain by a gnoll

Vault maps used:
D:1:      minmay_arrival_cross
D:2:      eat_drink_and_be_merry_uskayaw, nicolae_qazlal_general_emergency
D:3:      lemuel_crystal_altar, first_bread, minmay_misc_feat_pillars
D:5:      serial_shops, nicolae_shop_trees, uniq_eustachio

Skill      XL: |  1  2  3  4  5 |
---------------+----------------+-----
Fighting       | 4 |  4.3
Stealth        | 1 2 |  2.0
Shields        | 4 |  4.2
Axes           | 3 |  3.4
Armour         | |  3.8
Dodging        | |  0.5

Action                   |  1- 3 |  4- 6 || total
-------------------------+-------+-------++-------
Melee: War axe           |   100 |    86 ||   186
       Dagger            |       |     9 ||     9
Evoke: Wand              |       |     3 ||     3
  Use: Potion            |     1 |       ||     1
  Eat: Chunk             |     1 |     3 ||     4
Armor: Scale mail        |    36 |       ||    36
       Chain mail        |    21 |    39 ||    60
       Plate armour      |       |    25 ||    25
Dodge: Dodged            |    35 |    22 ||    57
Block: Shield            |    59 |    59 ||   118
